 Dungeon Crawl Stone Soup version 0.21.1-1-g345015f (webtiles) character file.

49 Fang the Skirmisher (level 3, -7/36 HPs)
             Began as a Gargoyle Berserker on May 1, 2018.
             Was a Believer of Trog.
             Mangled by a gnoll
             ... wielding a +0 halberd
              (15 damage)
             ... on level 2 of the Dungeon.
             The game lasted 00:03:10 (1216 turns).

Fang the Skirmisher (Gargoyle Berserker)            Turns: 1216, Time: 00:03:10

Health: -7/36      AC:  5    Str: 26    XL:     3   Next: 75%
Magic:  3/3        EV: 12    Int:  7    God:    Trog [**....]
Gold:   55         SH:  0    Dex:  9    Spells: 2/2 levels left

rFire    . . .     SeeInvis .   a - +0 hand axe
rCold    . . .     Gourm    .   (no shield)
rNeg     + . .     Faith    .   b - +0 animal skin
rPois    ∞         Spirit   .   (no helmet)
rElec    +         Reflect  .   (no cloak)
rCorr    .         Harm     .   (no gloves)
MR       .....                  (no boots)
Stlth    ..........             (no amulet)
HPRegen  0.12/turn              (no ring)
MPRegen  0.08/turn              (no ring)

@: berserking, starving, very quick
A: negative energy resistance 1, electricity resistance, unbreathing,
petrification resistance, rot immunity, AC +3
a: Berserk, Trog's Hand, Burn Spellbooks, Renounce Religion


You were on level 2 of the Dungeon.
You worshipped Trog.
Trog was pleased with you.
You were starving.

You visited 1 branch of the dungeon, and saw 2 of its levels.

You collected 55 gold pieces.

Inventory:

Hand Weapons
 a - a +0 hand axe (weapon)
Armour
 b - a +0 animal skin (worn)
Scrolls
 d - a scroll of remove curse {unknown}
 e - a scroll of teleportation {unknown}
 f - a scroll of identify {unknown}
 h - a scroll of enchant weapon {unknown}
Potions
 g - a potion of lignification {unknown}
 i - a potion of agility {unknown}
Comestibles
 c - 3 rations


   Skills:
 + Level 3.7 Fighting
 + Level 3.4 Axes
 + Level 2.2 Armour
 + Level 2.2 Dodging
 + Level 0.2 Stealth


You had 2 spell levels left.
You didn't know any spells.

Dungeon Overview and Level Annotations

Branches:
Dungeon (2/15)

Altars:


Innate Abilities, Weirdness & Mutations

You are resistant to torment.
Your stone body is resilient. (AC +3)
You are immune to poison.
You resist negative energy. (rN+)
You are resistant to electric shocks. (rElec)
You can survive without breathing.
You are immune to petrification.
You are immune to rotting.


Message History

You are too injured to fight recklessly!
You are too injured to fight recklessly!
You are too injured to fight recklessly!
You are too injured to fight recklessly!
You are too injured to fight recklessly!
You are too injured to fight recklessly!
You are too injured to fight recklessly!
You are too injured to fight recklessly!
You are too injured to fight recklessly!
You are too injured to fight recklessly!
A red film seems to cover your vision as you go berserk!
You feel yourself moving faster!
You feel mighty!
You are starving!
The kobold completely misses you. The gnoll closely misses you.
You slash the kobold!
You kill the kobold!
Trog accepts your kill. The gnoll barely misses you.
The gnoll hits you from afar with a halberd!
You die...

#... ... ....... >. #..#
#.# #.#...##.#
#..####.#### #.#......
#... ....#.# #.#..... #
#..# #..#.# #.#..S##..
#..####..#.## #.#.......
#...........####.#g..##..
...............)@)g......
#..#####.................
(........................
.....).........##........
.......##.###..##..#.###.
#.####.##.# #..##..$...
... #.##.. ............
... # ...####.##..####..
.. .... ..


You could see 2 gnolls and an adder.

Vanquished Creatures
  An ooze (D:1)
  3 dart slugs
  2 leopard geckos
  2 giant cockroaches
  2 goblins (D:1)
  A hobgoblin (D:1)
  3 jackals (D:1)
  A ball python (D:1)
  6 bats
  2 frilled lizards (D:1)
  11 kobolds
  6 rats (D:1)
40 creatures vanquished.

Notes
Turn   | Place    | Note
-------+----------+-------------------------------------------
     0 | D:1      | Fang the Gargoyle Berserker began the quest for the Orb.
     0 | D:1      | Reached XP level 1. HP: 14/14 MP: 1/1
   330 | D:1      | Reached XP level 2. HP: 12/19 MP: 2/2
   608 | D:1      | Reached XP level 3. HP: 9/23 MP: 3/3
   839 | D:1      | Reached ** piety under Trog
  1216 | D:2      | Mangled by a gnoll

Skill      XL: |  1  2 |
---------------+-------+-----
Axes           | 3 |  3.4
Dodging        | 2 |  2.2
Fighting       | |  3.7
Armour         | |  2.2
Stealth        | |  0.2

Action                   || total
-------------------------++-------
Melee: Hand axe          ||   123
Invok: Berserk           ||     1
Armor: Animal skin       ||    87
Dodge: Dodged            ||   130
